 Dungeon Crawl Stone Soup version 0.21.1-1-g345015f (webtiles) character file.

71 xccam the Ruffian (level 4, -5/44 HPs)
             Began as a Troll Monk on Mar 25, 2018.
             Slain by a gnoll
             ... wielding a +0 spear
              (9 damage)
             ... on level 2 of the Dungeon.
             The game lasted 00:02:36 (1429 turns).

xccam the Ruffian (Troll Monk)                      Turns: 1429, Time: 00:02:36

Health: -5/44      AC:  5    Str: 20    XL:     4   Next: 5%
Magic:  3/3        EV: 10    Int:  6    God:
Gold:   111        SH:  0    Dex: 12    Spells: 3/3 levels left

rFire    . . .     SeeInvis .     - Unarmed
rCold    . . .     Gourm    +   (no shield)
rNeg     . . .     Faith    .   a - +0 robe
rPois    .         Spirit   .   (helmet restricted)
rElec    .         Reflect  .   (no cloak)
rCorr    .         Harm     .   (gloves unavailable)
MR       .....                  (boots unavailable)
Stlth    +++.......             (no amulet)
HPRegen  0.54/turn              c - ring of stealth
MPRegen  0.08/turn              (no ring)

@: no status effects
A: large, unfitting armour, claws 3, fast metabolism 3, gourmand, regeneration
1, shaggy fur 1, tough skin 2
a: no special abilities


You were on level 2 of the Dungeon.
You were not hungry.

You visited 1 branch of the dungeon, and saw 2 of its levels.

You collected 111 gold pieces.

Inventory:

Armour
 a - a +0 robe (worn)
Jewellery
 c - a ring of stealth (left claw)
 d - an uncursed ring of resist corrosion {unknown}
Scrolls
 f - a scroll of fear {unknown}
 g - a scroll of teleportation {unknown}
 k - 2 scrolls of fog {unknown}
 l - a scroll of remove curse {unknown}
 m - 2 scrolls of identify {unknown}
Potions
 e - a potion of degeneration {unknown}
 h - a potion of curing {unknown}
 i - 2 potions of might {unknown}
 j - a potion of heal wounds {unknown}
Comestibles
 b - 5 rations


   Skills:
 - Level 2.4 Fighting
 - Level 2.4 Dodging
 - Level 1.0 Stealth
 + Level 5.0 Unarmed Combat


You had 3 spell levels left.
You didn't know any spells.

Dungeon Overview and Level Annotations

Branches:
Dungeon (2/15)

Altars:


Innate Abilities, Weirdness & Mutations

You are too large for most types of armour.
You have claws for hands.
Your metabolism is lightning-fast.
You like to eat raw meat.
Your natural rate of healing is unusually fast.
You are covered in fur. (AC +1)
You have very tough skin. (AC +2)


Message History

The bat hits you but does no damage. The gnoll hits you but does no damage.
The gnoll hits you with a spear. The gnoll closely misses you.
You scratch the gnoll.
The gnoll is moderately wounded.
The bat closely misses you.
The gnoll hits you from afar with a spear of freezing.
The gnoll freezes you. The gnoll hits you with a spear!
The gnoll hits you with a spear.
The gnoll hits you from afar with a halberd!
* * * LOW HITPOINT WARNING * * *
You are too injured to fight recklessly!
You scratch the gnoll.
The gnoll is severely wounded.
The bat closely misses you.
The gnoll hits you from afar with a spear of freezing.
* * * LOW HITPOINT WARNING * * *
The gnoll freezes you.
* * * LOW HITPOINT WARNING * * *
The gnoll hits you with a spear!
You die...

.... #### ......
...< #...).. ####
#...... # #...... #
#.....# # #
##...!.###.# #
........gg.#### ...
#...@gg..... ### ###
#..b######## #..
#.......##
#.#######.#...###
#(...#..........#
####.#..#.####...#.#
#####.......#.#
##.## #
.....†##.#....## #.#
.###...#.#.#...# #.#


You could see 4 gnolls and a bat.

Vanquished Creatures
  Jessica (D:2)
  An ooze (D:2)
  2 worms (D:2)
  2 dart slugs
  3 bats
  A giant cockroach (D:1)
  6 goblins
  3 hobgoblins (D:1)
  4 jackals (D:1)
  2 kobolds
  A ball python (D:1)
  3 rats
29 creatures vanquished.

Notes
Turn   | Place    | Note
-------+----------+-------------------------------------------
     0 | D:1      | xccam the Troll Monk began the quest for the Orb.
     0 | D:1      | Reached XP level 1. HP: 22/22 MP: 0/0
   119 | D:1      | Reached XP level 2. HP: 29/29 MP: 1/1
   513 | D:1      | Reached skill level 4 in Unarmed Combat
   998 | D:2      | Reached XP level 3. HP: 32/36 MP: 2/2
  1337 | D:2      | Noticed Jessica
  1340 | D:2      | Killed Jessica
  1340 | D:2      | Reached skill level 5 in Unarmed Combat
  1340 | D:2      | Reached XP level 4. HP: 44/44 MP: 3/3
  1429 | D:2      | Slain by a gnoll

Skill      XL: |  1  2  3 |
---------------+----------+-----
Unarmed Combat | 4 5 |  5.0
Fighting       | |  2.4
Dodging        | |  2.4
Stealth        | |  1.0

Action                   |  1- 3 |  4- 6 || total
-------------------------+-------+-------++-------
Melee: Unarmed           |    67 |     2 ||    69
       Punch             |     2 |       ||     2
 Stab: Sleeping          |     6 |       ||     6
       Distracted        |     1 |       ||     1
  Eat: Chunk             |    10 |       ||    10
       Ration            |     1 |       ||     1
Armor: Robe              |    22 |     2 ||    24
Dodge: Dodged            |    31 |     3 ||    34
